 Dungeon Crawl Stone Soup version 0.27-a0-1137-g3ef0f4ec91 (webtiles) character file.

Game seed: 5688790301524681052

231539 1player the Schismatic (level 19, 0/155 HPs)
             Began as a Merfolk Abyssal Knight on May 6, 2021.
             Was an Elder of Lugonu.
             Slain by a deep elf archer
             ... wielding a +0 short sword
              (10 damage)
             ... on level 2 of the Elven Halls.
             The game lasted 02:20:08 (53873 turns).

1player the Schismatic (Merfolk Abyssal Knight)    Turns: 53873, Time: 02:20:09

Health: 0/155      AC: 17    Str: 20    XL:     19   Next: 5%
Magic:  31/31      EV: 25    Int: 10    God:    Lugonu [****..]
Gold:   510        SH: 19    Dex: 20    Spells: 18/18 levels left

rFire    + . .     SeeInvis +   a - +4 trident (drain)
rCold    . . .     Faith    .   H - +0 kite shield
rNeg     + . .     Spirit   .   p - +4 ring mail of Disaster {rPois rN+ Int-2}
rPois    +         Reflect  +   j - +0 helmet of Oily Satisfaction {rCorr Str+8 Int-4}
rElec    .         Harm     .   h - +0 cloak {Will+}
rCorr    +         Rampage  .   s - +0 pair of gloves
Will     ++...                  t - +2 pair of boots {Fly}
Stlth    +++.......             G - amulet of the Cast Vote {Reflect Regen+ Int+3 SH+5 SInv}
HPRegen  1.35/turn              A - +4 ring of evasion
MPRegen  0.22/turn              R - ring of protection from fire

@: lethally poisoned (0 -> 0), flying, studying Invocations
A: (nimble swimmer 2), mertail
}: 2/15 runes: decaying, serpentine
a: Renounce Religion, Depart the Abyss, Bend Space, Banish, Corrupt


You were on level 2 of the Elven Halls.
You worshipped Lugonu.
Lugonu was greatly pleased with you.
You visited 6 branches of the dungeon, and saw 33 of its levels.
You visited the Abyss 1 time.
You also visited: Ice Cave.

You collected 4282 gold pieces.
You spent 3772 gold pieces at shops.

Inventory:

Hand Weapons
 a - a +4 trident of draining (weapon)
Missiles
 c - 7 datura-tipped darts
 v - 129 poisoned darts (quivered)
 U - a throwing net
 W - a curare-tipped dart
Armour
 h - a +0 cloak of willpower (worn)
 j - the +0 helmet of Oily Satisfaction (worn) {rCorr Str+8 Int-4}
   (You bought it in a shop on level 11 of the Dungeon)

   It affects your strength (+8).
   It affects your intelligence (-4).
   It protects you from acid and corrosion.
 p - the +4 ring mail of Disaster (worn) {rPois rN+ Int-2}
   (You bought it in a shop on level 11 of the Dungeon)

   It affects your intelligence (-2).
   It protects you from poison.
   It protects you from negative energy.
 s - a +0 pair of gloves (worn)
 t - a +2 pair of boots of flying (worn)
 H - a +0 kite shield (worn)
Jewellery
 f - a ring of resist corrosion
 i - a +4 ring of evasion
 k - the ring of Moderation {rN+ Str+4}
   (You found it on level 6 of the Lair of Beasts)

   [ring of positive energy]

   It affects your strength (+4).
   It protects you from negative energy.
 w - a ring of protection from cold
 A - a +4 ring of evasion (left hand)
 B - a ring of wizardry
 G - the amulet of the Cast Vote (around neck) {Reflect Regen+ Int+3 SH+5 SInv}
   (You found it on level 1 of the Snake Pit)

   [amulet of reflection]

   It reflects blocked missile attacks.
   It affects your intelligence (+3).
   It lets you see invisible.
   It increases your rate of health regeneration.
   It affects your SH (+5).
 O - a ring of protection from cold
 R - a ring of protection from fire (right hand)
Wands
 x - a wand of polymorph (33)
 D - a wand of mindburst (14)
 E - a wand of flame (114)
 K - a wand of paralysis (38)
 L - a wand of iceblast (53)
 P - a wand of charming (41)
Scrolls
 d - 2 scrolls of silence {!r}
 l - a scroll of holy word
 m - 9 scrolls of identify {@r1}
 q - 2 scrolls of enchant armour
 y - 4 scrolls of enchant weapon
 C - a scroll of fog
 M - 8 scrolls of teleportation
 N - a scroll of blinking
 X - 4 scrolls of amnesia
Potions
 e - 2 potions of berserk rage
 g - a potion of haste
 n - a potion of might
 o - 4 potions of lignification
 r - 3 potions of invisibility
 u - 2 potions of magic
 z - a potion of resistance
 F - 2 potions of heal wounds {@q2}
 I - 7 potions of curing {@q1}
 J - 8 potions of brilliance
 Q - 13 potions of ambrosia
 S - 5 potions of attraction
 T - 4 potions of mutation {!q}
 Z - a potion of cancellation
Miscellaneous
 V - a lightning rod (4/4)
 Y - a condenser vane (inert)


   Skills:
 + Level 15.0 Fighting
 - Level 14.0 Polearms
 - Level 8.0 Throwing
 - Level 5.5 Armour
 + Level 15.2 Dodging
 - Level 8.0 Stealth
 - Level 15.0 Shields
 - Level 13.9 Ice Magic
 - Level 17.4 Invocations
 - Level 9.0 Evocations


You had 18 spell levels left.
You didn't know any spells.
Your spell library contained the following spells:

 Spells                   Type           Power      Damage    Failure   Level
 Ensorcelled Hibernation  Hex/Ice        26%        N/A       5%          2
 Ice Form                 Ice/Tmut       13%        N/A       34%         4
 Summon Ice Beast         Ice/Summ       13%        N/A       34%         4
 Animate Skeleton         Necr           0%         N/A       52%         1
 Apportation              Tloc           0%         N/A       52%         1
 Corona                   Hex            0%         N/A       52%         1
 Magic Dart               Conj           0%         1d3       52%         1
 Pain                     Necr           0%         1d4       52%         1
 Shock                    Conj/Air       0%         1d3       52%         1
 Sting                    Tmut/Pois      0%         1d3       52%         1
 Summon Small Mammal      Summ           0%         N/A       52%         1
 Blink                    Tloc           N/A        N/A       67%         2
 Call Imp                 Summ           0%         N/A       67%         2
 Corpse Rot               Necr/Air       N/A        N/A       67%         2
 Poisonous Vapours        Pois/Air       0%         N/A       67%         2
 Slow                     Hex            0%         N/A       67%         2
 Static Discharge         Conj/Air       0%         N/A       67%         2
 Ozocubu's Refrigeration  Ice            13%        4d7       86%         7
 Confusing Touch          Hex            0%         N/A       88%         3
 Conjure Flame            Conj/Fire      0%         6-21      88%         3
 Dazzling Flash           Conj/Hex       0%         N/A       88%         3
 Ignite Poison            Fire/Tmut/Pois 0%         N/A       88%         3
 Inner Flame              Hex/Fire       0%         N/A       88%         3
 Mephitic Cloud           Conj/Pois/Air  0%         N/A       88%         3
 Portal Projectile        Hex/Tloc       0%         N/A       88%         3
 Swiftness                Air            0%         N/A       88%         3
 Tukima's Dance           Hex            0%         N/A       88%         3
 Vampiric Draining        Necr           0%         2d6       88%         3
 Airstrike                Air            0%         N/A       99%         4
 Animate Dead             Necr           0%         N/A       99%         4
 Cause Fear               Hex            0%         N/A       99%         4
 Leda's Liquefaction      Hex/Erth       0%         N/A       99%         4
 Olgreb's Toxic Radiance  Pois           0%         N/A       99%         4
 Simulacrum               Ice/Necr       6%         N/A       99%         6
 Agony                    Necr           0%         N/A       100%        5
 Borgnjor's Vile Clutch   Necr/Erth      0%         N/A       100%        5
 Irradiate                Conj/Tmut      0%         3d13      100%        5
 Lightning Bolt           Conj/Air       0%         1d11      100%        5
 Blade Hands              Tmut           0%         N/A       100%        6
 Death Channel            Necr           0%         N/A       100%        6
 Freezing Cloud           Conj/Ice/Air   4%         6-21      100%        6
 Statue Form              Tmut/Erth      0%         N/A       100%        6
 Dragon Form              Tmut           0%         N/A       100%        7


Dungeon Overview and Level Annotations

Branches:
Dungeon (15/15)            Temple (0/1) D:4            Lair (6/6) D:8
  Swamp (4/4) Lair:2        Snake (4/4) Lair:3        Slime (0/5) Lair:6
    Orc (2/2) D:10            Elf (2/3) Orc:2        Vaults (0/5) D:13
 Depths (0/5) D:15          IceCv (visited)

Altars:
Ashenzari
Cheibriados
Elyvilon
Fedhas
Gozag
Kikubaaqudgha
Ru
Sif Muna
Vehumet
Xom
Yredelemnul
Zin
The Shining One
Jiyva

Shops:
D:11 [   Orc:2 :*[!![   Elf:2 (   Snake:2 [[

Portals:
Trove: D:13 (give +3 storm dragon scales)

Annotations:
D:4 exclusion: downstairs
D:8 3 runed translucent doors, zikan's ghost, novice MfGl
D:9 exclusion: ice statue
D:12 3 runed translucent doors
D:15 3 runed translucent doors, Cralpanu's ghost, weakling FoDe; Roxanne; Xupitiecre's ghost, journeyman SpDe
Lair:1 3 runed translucent doors, rigao's ghost, journeyman GnWn
Lair:2 exclusion: 4 oklob plants
Lair:3 corrupted
Lair:5 1 runed translucent door, exclusion: downstairs
Lair:6 3 runed translucent doors, corrupted, PanSaczeczos's ghost, journeyman DENe
Swamp:4 corrupted
Snake:4 corrupted
Orc:2 1 runed translucent door, corrupted, Tramtrist's ghost, journeyman DDFi
Abyss:1 Erolcha; Fannar; Kirke; Nergalle


Innate Abilities, Weirdness & Mutations

((You are quick and stealthy near water. (Stealth+, EV+, Speed+++)))
Your lower body shifts to a powerful aquatic tail in water.


Message History

The deep elf archer is engulfed in poison gas.
The deep elf archer looks even sicker.
You feel sick.
The deep elf knight is engulfed in poison gas.
The deep elf knight looks as sick as possible!
You block the +1 vampiric short sword's attack.
You block the +1 short sword of venom's attack.
The deep elf archer is engulfed in poison gas.
The deep elf archer looks even sicker.
The deep elf zephyrmancer gestures at you while chanting.
The bolt of lightning hits the deep elf knight!
The bolt of lightning hits you!!
The deep elf knight is engulfed in poison gas.
The deep elf knight looks as sick as possible!
The deep elf knight hits you with a +0 short sword!
The deep elf zephyrmancer is engulfed in poison gas.
The deep elf zephyrmancer looks as sick as possible!
The deep elf zephyrmancer gestures at you while chanting.
The bolt of lightning hits the +1 vampiric short sword.
The +1 vampiric short sword completely resists.
The bolt of lightning hits you!
* * * LOW HITPOINT WARNING * * *
The bolt of lightning hits the +1 short sword of venom.
The +1 short sword of venom completely resists.
The bolt of lightning misses the +1 short sword of venom.
The bolt of lightning hits you!!
* * * LOW HITPOINT WARNING * * *
The bolt of lightning hits the +1 vampiric short sword.
The +1 vampiric short sword completely resists.
The +1 vampiric short sword barely misses you.
The deep elf pyromancer is engulfed in poison gas.
The deep elf pyromancer looks as sick as possible!
The +1 short sword of venom hits you but does no damage.
The deep elf zephyrmancer looks as sick as possible!
The deep elf zephyrmancer gestures wildly while chanting.
The deep elf zephyrmancer blinks!
The deep elf archer is engulfed in poison gas.
The deep elf archer looks as sick as possible!
The deep elf archer hits you with a +0 short sword!
You die...

#########
#§§§§§§.#
##§§§§§§.#
#§§ee§§§..
##§e§e§§§$.
#$.e(e§§§e.
#§e@§§e....
#§(eee.....
##§§.....§§
#§§§§§§.§§
##.§§§§.§8
#.§§§§..#
####e####
e#


You could see 4 deep elf archers, 3 deep elf knights, 3 deep elf pyromancers, 4
deep elf zephyrmancers and 2 dancing weapons.

Vanquished Creatures
  2 nagarajas
  A deep elf sorcerer (Elf:2)
  2 ghouls (Swamp:2)
  5 bunyips
  4 eleionomae
  2 blizzard demons (IceCv)
  16 hydras
  6 naga warriors
  A shambling mangrove (Swamp:3)
  Harold (D:7)
  4 catoblepae
  A salamander tyrant (Snake:4)
  6 ghost crabs
  5 alligators
  4 centaur warriors
  8 anacondas
  9 two-headed ogres
  9 dancing weapons
  4 tengu warriors
  6 death yaks
  An orc high priest (D:10)
  3 shock serpents
  8 naga sharpshooters
  A spriggan berserker (Swamp:1)
  3 deep elf knights
  3 skeletal warriors (D:15)
  6 goliath frogs
  4 sea snakes (Snake:3)
  13 swamp dragons
  3 naga ritualists
  A spriggan druid (Swamp:4)
  13 bog bodies
  3 deep elf archers (Elf:1)
  15 deep elf pyromancers
  An orc knight (D:15)
  6 mana vipers
  7 deep elf zephyrmancers
  A manticore (D:14)
  15 ugly things
  10 salamanders
  6 will-o-the-wisps
  Joseph (D:7)
  3 centaur zombies (D:11)
  7 cyclopes
  27 black mambas
  2 ice statues
  Maurice (D:11)
  A guardian serpent (Snake:2)
  6 elephants
  12 naga magi
  A torpor snail (Lair:4)
  8 spectral spriggans (Swamp:2)
  13 cane toads
  3 freezing wraiths
  8 anaconda simulacra (IceCv)
  2 rime drakes
  9 komodo dragons
  A dire elephant skeleton (Lair:6)
  A meliai (shapeshifter) (D:13)
  3 ice devils (IceCv)
  9 trolls
  A wolf spider simulacrum (IceCv)
  7 hornets
  2 polar bears
  Prince Ribbit (D:5)
  6 tyrant leeches
  A spectral elephant (Lair:6)
  A hornet (shapeshifter) (D:15)
  22 blink frogs
  16 dream sheep
  3 shadows
  A dire elephant simulacrum (IceCv)
  A spriggan (shapeshifter) (Elf:1)
  7 spriggans
  2 water elementals (Elf:1)
  An air elemental (Orc:2)
  5 wyverns
  71 yaks
  2 fire elementals (Elf:1)
  Eustachio (D:6)
  A hog (Snake:4)
  11 humans (D:13)
  3 wraiths
  13 vampire mosquitoes
  8 basilisks
  6 steam dragons
  A death yak simulacrum (IceCv)
  A harpy simulacrum (IceCv)
  A spectral cane toad (Lair:6)
  3 wargs
  2 iron troll simulacra (IceCv)
  24 nagas
  A hydra simulacrum (IceCv)
  27 water moccasins
  8 swamp worms
  Duvessa (D:7)
  A sky beast (D:7)
  17 orc warriors
  A black bear (D:3)
  3 swamp drakes
  4 ogres
  An elephant zombie (Lair:6)
  An ogre (shapeshifter) (D:14)
  2 hornet zombies
  A necrophage (D:7)
  7 centaurs
  13 wolves
  A phantom (D:6)
  8 kobold brigands
  11 bullfrogs
  An earth elemental (Elf:1)
  3 scorpions
  2 water moccasin zombies (D:5)
  Dowan (D:7)
  7 gnoll sergeants
  A wyvern skeleton (D:6)
  A water moccasin skeleton (D:5)
  A swamp dragon simulacrum (IceCv)
  46 killer bees
  An elephant simulacrum (IceCv)
  9 wights
  3 howler monkeys
  2 draconian simulacra (IceCv)
  A bullfrog zombie (D:5)
  A centaur skeleton (D:5)
  3 hounds
  3 jellies
  7 orc priests
  2 bullfrog skeletons
  Terence (D:1)
  10 iguanas
  10 orc wizards
  A hell rat (Lair:2)
  2 troll simulacra (IceCv)
  A killer bee zombie (D:7)
  2 spriggan simulacra (IceCv)
  A wolf simulacrum (IceCv)
  5 centaur simulacra (IceCv)
  A hound skeleton (D:4)
  4 howler monkey zombies
  A howler monkey skeleton (D:6)
  20 gnolls
  8 adders
  A naga simulacrum (IceCv)
  2 ogre simulacra (IceCv)
  3 shadow imps
  5 white imps
  6 ufetubi
  An adder skeleton (D:3)
  5 worms
  4 dart slugs
  62 orcs
  9 bats
  8 endoplasms
  3 giant cockroaches
  9 goblins
  7 hobgoblins
  6 jackals
  5 quokkas
  2 ball pythons
  3 frilled lizards
  17 kobolds
  7 rats
997 creatures vanquished.

Vanquished Creatures (collateral kills)
  A basilisk (Lair:2)
  A killer bee (Lair:2)
  A wight (D:8)
3 creatures vanquished.

Vanquished Creatures (others)
  Vashnia (Snake:4)
  Nikola (Snake:4)
  A tentacled monstrosity (Swamp:4)
  4 nagarajas (Snake:4)
  An orc warlord (Orc:2)
  2 very ugly things (Swamp:4)
  3 dire elephants (Lair:6)
  2 green deaths (Swamp:4)
  9 naga warriors (Snake:4)
  A catoblepas (Lair:3)
  3 anacondas (Snake:4)
  2 death yaks (Lair:6)
  3 orc high priests (Orc:2)
  12 naga sharpshooters (Snake:4)
  Urug (Lair:6)
  A shock serpent (Snake:4)
  2 spriggans (Swamp:4)
  4 salamander mystics (Snake:4)
  A spectral anaconda (Lair:6)
  A spriggan druid (Swamp:4)
  3 swamp dragons (Swamp:4)
  An obsidian statue (Lair:6)
  4 naga ritualists (Snake:4)
  4 bog bodies (Swamp:4)
  4 orc knights (Orc:2)
  A deep elf zephyrmancer (Elf:1)
  3 necromancers (Lair:6)
  3 orc sorcerers (Orc:2)
  4 mana vipers (Snake:4)
  A will-o-the-wisp (Swamp:4)
  3 ugly things (Swamp:4)
  A guardian serpent (Snake:4)
  2 salamanders (Snake:4)
  14 black mambas
  9 elephants
  6 naga magi (Snake:4)
  An orange demon (Swamp:4)
  3 cane toads
  A komodo dragon (Lair:3)
  A queen bee (Lair:2)
  4 bloated husks
  7 slime creatures (Swamp:4)
  A hornet (Swamp:4)
  2 large abominations (Swamp:4)
  2 shadows (Swamp:4)
  A water elemental (Elf:1)
  2 air elementals (Elf:1)
  A human (D:13)
  A basilisk (Lair:3)
  5 hogs (Snake:4)
  A vampire mosquito (D:14)
  20 nagas (Snake:4)
  A swamp worm (Swamp:4)
  3 water moccasins
  A spectral cane toad (Lair:6)
  A swamp drake (Swamp:1)
  An ogre (Orc:2)
  10 orc warriors (Orc:2)
  2 elephant zombies (Lair:6)
  A bullfrog (Lair:2)
  9 killer bees
  An elephant simulacrum (Lair:6)
  4 orc priests (Orc:2)
  5 orc wizards (Orc:2)
  4 white imps (IceCv)
  2 ufetubi (IceCv)
  20 orcs (Orc:2)
  2 bushes
  A butterfly (Lair:3)
  58 foxfires
  94 fungi
  102 plants
  48 starspawn tentacles
  44 withered plants
585 creatures vanquished.

Grand Total: 1585 creatures vanquished

Notes
Turn   | Place    | Note
-------+----------+-------------------------------------------
     0 | Abyss:1  | 1player the Merfolk Abyssal Knight began the quest for the
                  | Orb.
     0 | Abyss:1  | Reached XP level 1. HP: 18/18 MP: 2/2
   103 | Abyss:1  | Noticed a neqoxec
   104 | D:1      | Escaped the Abyss
   262 | D:1      | Reached * piety under Lugonu
   263 | D:1      | Reached XP level 2. HP: 19/24 MP: 3/3
   800 | D:1      | Reached skill level 5 in Polearms
   800 | D:1      | Reached XP level 3. HP: 29/29 MP: 4/4
  1070 | D:2      | Noticed Terence
  1878 | D:2      | Reached XP level 4. HP: 33/35 MP: 5/5
  2546 | D:3      | Reached ** piety under Lugonu
  2775 | D:3      | Reached skill level 1 in Shields
  2795 | D:3      | Reached XP level 5. HP: 41/41 MP: 6/6
  2839 | D:3      | Noticed a necrophage
  3904 | D:4      | Reached XP level 6. HP: 38/47 MP: 7/7
  4054 | D:4      | Reached *** piety under Lugonu
  4295 | D:4      | Found a staircase to the Ecumenical Temple.
  4530 | D:4      | Reached skill level 3 in Invocations
  4952 | D:4      | Found a shimmering blue altar of Sif Muna.
  5258 | D:5      | Entered Level 5 of the Dungeon
  5365 | D:5      | Noticed a black bear
  5456 | D:5      | Reached skill level 4 in Invocations
  5523 | D:5      | Reached XP level 7. HP: 53/53 MP: 10/10
  5677 | D:3      | Reached skill level 5 in Invocations
  6590 | D:5      | Reached skill level 6 in Invocations
  7068 | D:4      | Reached skill level 7 in Invocations
  7155 | D:5      | Reached XP level 8. HP: 39/60 MP: 13/13
  7412 | D:5      | Found a blossoming altar of Fedhas.
  7455 | D:5      | Noticed Prince Ribbit
  7483 | D:5      | Killed Prince Ribbit
  7770 | D:5      | Found a glowing silver altar of Zin.
  9120 | D:6      | Reached skill level 5 in Fighting
  9120 | D:6      | Reached skill level 5 in Dodging
  9192 | D:6      | Reached XP level 9. HP: 56/68 MP: 14/14
  9530 | D:6      | Reached **** piety under Lugonu
  9568 | D:6      | Noticed Eustachio
  9604 | D:6      | Killed Eustachio
 10233 | D:6      | Reached skill level 10 in Polearms
 10909 | D:7      | Noticed Harold
 10961 | D:7      | Killed Harold
 10962 | D:7      | Reached XP level 10. HP: 76/76 MP: 15/15
 11103 | D:7      | Noticed Joseph
 11401 | D:7      | Killed Joseph
 11474 | D:7      | Noticed Duvessa
 11474 | D:7      | Noticed Dowan
 11509 | D:7      | Killed Duvessa
 11526 | D:7      | Killed Dowan
 11975 | D:7      | Reached skill level 8 in Invocations
 12332 | D:7      | Reached skill level 5 in Shields
 12575 | D:8      | Found a broken altar of Ashenzari.
 12579 | D:8      | Saw a vision of the Swamp and the Snake Pit.
 12579 | D:8      | Noticed a naga sharpshooter
 12579 | D:8      | Noticed a mana viper
 12579 | D:8      | Noticed a naga sharpshooter
 12579 | D:8      | Noticed a naga mage
 12579 | D:8      | Noticed a black mamba
 12579 | D:8      | Noticed a black mamba
 12579 | D:8      | Noticed a black mamba
 12579 | D:8      | Noticed a naga sharpshooter
 12580 | D:8      | Noticed a black mamba
 12580 | D:8      | Noticed a salamander
 12581 | D:8      | Noticed a black mamba
 12581 | D:8      | Noticed a salamander
 12582 | D:8      | Noticed a salamander
 12781 | D:8      | Reached skill level 9 in Invocations
 13091 | D:8      | Reached XP level 11. HP: 81/81 MP: 17/17
 13125 | D:8      | Reached ***** piety under Lugonu
 13570 | D:8      | Found a staircase to the Lair.
 13694 | D:8      | Found a runed translucent gate.
 13694 | D:8      | Found a runed translucent gate.
 13695 | D:8      | Found a runed translucent gate.
 13698 | D:8      | Found an opulent altar of Gozag.
 13700 | D:8      | Noticed a deep elf pyromancer
 13700 | D:8      | Noticed zikan's ghost (novice MfGl)
 14143 | D:9      | Found an ancient bone altar of Kikubaaqudgha.
 15131 | D:9      | Noticed a two-headed ogre
 15157 | D:9      | Killed a two-headed ogre
 15257 | D:9      | Found a basalt altar of Yredelemnul.
 15643 | D:10     | Entered Level 10 of the Dungeon
 15762 | D:10     | Noticed a two-headed ogre
 15792 | D:10     | Killed a two-headed ogre
 16092 | D:10     | Noticed an eight-headed hydra
 16092 | D:10     | Noticed a catoblepas
 16131 | D:10     | Noticed a two-headed ogre
 16163 | D:10     | Killed a two-headed ogre
 16364 | D:10     | Found a snail-covered altar of Cheibriados.
 16368 | D:10     | Found a radiant altar of Vehumet.
 16373 | D:10     | Found a sacrificial altar of Ru.
 17025 | D:10     | Noticed a catoblepas
 17058 | D:10     | Noticed an ogre mage
 17158 | D:10     | Found a shimmering altar of Xom.
 17508 | D:9      | Reached skill level 10 in Shields
 17508 | D:9      | Reached XP level 12. HP: 33/92 MP: 13/18
 17909 | D:10     | Found a staircase to the Orcish Mines.
 18616 | D:10     | Noticed a two-headed ogre
 18839 | Lair:1   | Entered Level 1 of the Lair of Beasts
 19218 | Lair:1   | Noticed a four-headed hydra
 19237 | Lair:1   | Banished a four-headed hydra
 20198 | Lair:1   | You fall into a shaft and drop 1 floor!
 20260 | Lair:2   | Reached skill level 10 in Invocations
 20426 | Lair:2   | Reached skill level 11 in Invocations
 20655 | Lair:2   | Noticed a seven-headed hydra
 20974 | Lair:3   | Noticed a catoblepas
 20989 | Lair:3   | Corrupted Lair:3
 20989 | Lair:3   | Noticed a tentacled starspawn
 20989 | Lair:3   | Noticed a crystal guardian
 20989 | Lair:3   | Noticed a balrug
 20989 | Lair:3   | Noticed a tentacled starspawn
 20989 | Lair:3   | Noticed a Hell Sentinel
 20989 | Lair:3   | Noticed a tentacled starspawn
 20990 | Lair:3   | Noticed a reaper
 20991 | Lair:3   | Killed a catoblepas
 20995 | Lair:3   | Noticed a starcursed mass
 21034 | Lair:3   | Noticed a reaper
 21034 | Lair:3   | Noticed a starcursed mass
 21035 | Lair:3   | Noticed a starcursed mass
 21723 | Lair:3   | Identified a scroll of acquirement
 21723 | Lair:3   | Acquired 767 gold pieces
 22198 | Lair:3   | Reached XP level 13. HP: 98/98 MP: 21/21
 22917 | Lair:3   | Found a staircase to the Snake Pit.
 23263 | Lair:1   | Reached skill level 12 in Invocations
 23973 | Lair:1   | Found a runed translucent gate.
 23974 | Lair:1   | Found a runed translucent gate.
 23974 | Lair:1   | Found a runed translucent gate.
 23975 | Lair:1   | Noticed rigao's ghost (journeyman GnWn)
 24733 | Lair:2   | Found a staircase to the Swamp.
 27026 | Lair:3   | Reached skill level 10 in Fighting
 27137 | Lair:4   | Identified the +5 mace of Tomorrow {protect, rC+ rCorr
                  | Int-3 Dex+5}
 28448 | Lair:4   | Reached XP level 14. HP: 54/111 MP: 23/23
 29556 | Lair:5   | Found a runed translucent door.
 29669 | Lair:6   | Entered Level 6 of the Lair of Beasts
 29669 | Lair:6   | Found a runed translucent gate.
 29669 | Lair:6   | Found a runed translucent gate.
 29669 | Lair:6   | Found a runed translucent gate.
 29669 | Lair:6   | Noticed PanSaczeczos's ghost (journeyman DENe)
 29779 | Lair:6   | Found a glowing golden altar of the Shining One.
 29909 | Lair:6   | Found a viscous altar of Jiyva.
 29912 | Lair:6   | Found a staircase to the Slime Pits.
 30577 | Lair:6   | Noticed Urug
 30813 | Lair:6   | Noticed a dire elephant
 30814 | Lair:6   | Noticed a dire elephant
 30815 | Lair:6   | Corrupted Lair:6
 30815 | Lair:6   | Noticed a hellephant
 30815 | Lair:6   | Noticed a starcursed mass
 30815 | Lair:6   | Noticed a tentacled starspawn
 30815 | Lair:6   | Noticed a bone dragon
 30817 | Lair:6   | Noticed a tentacled starspawn
 30824 | Lair:6   | Killed a dire elephant
 30826 | Lair:6   | Killed a dire elephant
 30847 | Lair:6   | Noticed a starcursed mass
 30847 | Lair:6   | Noticed a red draconian
 30858 | Lair:6   | Noticed a starcursed mass
 30861 | Lair:6   | Killed Urug
 30879 | Lair:6   | Noticed a bone dragon
 30920 | Lair:6   | Killed a dire elephant
 31003 | Lair:5   | Reached skill level 15 in Shields
 31031 | Lair:5   | Reached skill level 1 in Stealth
 32211 | Lair:6   | Identified the ring of Moderation {rN+ Str+4}
 32523 | D:1      | Killed Terence
 33110 | D:10     | Reached skill level 5 in Throwing
 33285 | D:10     | Identified the +8 hunting sling "Joaggoj" {vorpal, rPois
                  | rF+ rCorr}
 33496 | D:11     | Noticed Fannar
 33500 | D:11     | Banished Fannar
 33602 | D:11     | Noticed Nergalle
 33603 | D:11     | Banished Nergalle
 33604 | D:11     | Reached skill level 5 in Stealth
 33620 | D:11     | Reached XP level 15. HP: 122/122 MP: 20/24
 33787 | D:11     | Found Gusuan's Antique Armour Boutique.
 33792 | D:11     | Bought a translucent helmet for 323 gold pieces
 33792 | D:11     | Identified the +0 helmet of Oily Satisfaction {rCorr Str+8
                  | Int-4} (You bought it in a shop on level 11 of the Dungeon)
 33804 | D:11     | Noticed Maurice
 33815 | D:11     | Killed Maurice
 34090 | D:12     | Noticed Erolcha
 34091 | D:12     | Banished Erolcha
 34249 | D:12     | Found a runed translucent door.
 34250 | D:12     | Found a runed translucent door.
 34692 | D:12     | Found a runed translucent door.
 35265 | D:13     | Found a gate to the Vaults.
 35405 | D:13     | Found a portal to a secret trove of treasure.
 35607 | Orc:1    | Entered Level 1 of the Orcish Mines
 35810 | Orc:2    | Entered Level 2 of the Orcish Mines
 35855 | Orc:2    | Found a staircase to the Elven Halls.
 35862 | Orc:2    | Found a runed translucent door.
 35864 | Orc:1    | Noticed an orc warlord
 35966 | Orc:1    | Banished an orc warlord
 36319 | Orc:2    | Found Iathriab's Incredible Inventory.
 36351 | Orc:2    | Corrupted Orc:2
 36446 | Orc:2    | Noticed Tramtrist's ghost (journeyman DDFi)
 36462 | Orc:2    | Killed an orc warlord
 36501 | Orc:2    | Found Muunyiba's Armour Shop.
 36501 | Orc:2    | Found Liov's Distillery.
 36503 | Orc:2    | Found Rewkocaf's Armour Shoppe.
 36503 | Orc:2    | Found Taohepla's Distillery.
 36777 | Orc:2    | Found Jid Lik's Book Emporium.
 37091 | Orc:2    | Bought a manual of Invocations for 1214 gold pieces
 37091 | Orc:2    | Bought a manual of Ice Magic for 1214 gold pieces
 37246 | D:14     | Reached skill level 1 in Ice Magic
 37334 | D:14     | Found a broken altar of Ashenzari.
 37531 | D:14     | Reached skill level 5 in Ice Magic
 38238 | D:15     | Entered Level 15 of the Dungeon
 38658 | D:15     | Reached skill level 10 in Ice Magic
 39061 | D:15     | Identified Roxanne's Disquisition on the Rocks
 39061 | D:15     | Noticed Roxanne
 39114 | D:15     | Found a runed translucent gate.
 39114 | D:15     | Found a runed translucent gate.
 39115 | D:15     | Noticed Cralpanu's ghost (weakling FoDe)
 39116 | D:15     | Found a runed translucent gate.
 39117 | D:15     | Noticed Xupitiecre's ghost (journeyman SpDe)
 39232 | D:15     | Reached XP level 16. HP: 128/129 MP: 25/25
 39236 | D:15     | Found a staircase to the Depths.
 39363 | D:15     | Found a white marble altar of Elyvilon.
 39445 | D:15     | Reached skill level 10 in Dodging
 40065 | Snake:1  | Entered Level 1 of the Snake Pit
 40415 | Snake:1  | Reached skill level 13 in Invocations
 40851 | Snake:1  | Identified the amulet of the Cast Vote {Reflect Regen+
                  | Int+3 SH+5 SInv}
 41005 | Snake:1  | Identified the +3 leather armour of Valiance {rC+ Str-3
                  | Int+2 Dex+6}
 41364 | Snake:2  | Noticed a nagaraja
 41366 | Snake:2  | Found a frozen archway.
 41385 | IceCv    | Entered an ice cave
 42296 | IceCv    | Reached skill level 14 in Invocations
 42502 | IceCv    | Identified the +3 scale mail of Wisdom {-Cast rCorr Str+8}
 42505 | IceCv    | Identified Qatz's Disquisition on Ice and Evil
 42795 | Orc:2    | Bought a book of Ice for 715 gold pieces
 43274 | Snake:2  | Reached skill level 1 in Armour
 43474 | Snake:2  | Reached skill level 15 in Invocations
 43848 | Snake:2  | Killed a nagaraja
 43966 | Snake:2  | Found Jeupher's Antique Armour Shoppe.
 43966 | Snake:2  | Found Zeng's Armour Emporium.
 44148 | Snake:2  | Reached XP level 17. HP: 135/135 MP: 28/28
 44473 | Snake:3  | Reached skill level 16 in Invocations
 45138 | Snake:4  | Entered Level 4 of the Snake Pit
 45138 | Snake:4  | Noticed Nikola
 45226 | Snake:4  | Noticed Vashnia
 45303 | Snake:4  | Corrupted Snake:4
 45303 | Snake:4  | Noticed a bone dragon
 45303 | Snake:4  | Noticed a bone dragon
 45303 | Snake:4  | Noticed a tentacled starspawn
 45303 | Snake:4  | Noticed a tentacled starspawn
 45303 | Snake:4  | Noticed a bone dragon
 45303 | Snake:4  | Noticed a tentacled starspawn
 45327 | Snake:4  | Killed Nikola
 45329 | Snake:4  | Noticed Kirke
 45334 | Snake:4  | Banished Kirke
 45335 | Snake:4  | Reached skill level 5 in Armour
 45335 | Snake:4  | Reached skill level 17 in Invocations
 45350 | Snake:4  | Killed Vashnia
 45743 | Snake:4  | Reached skill level 1 in Evocations
 46076 | Snake:4  | Got a serpentine rune of Zot
 46505 | Swamp:1  | Entered Level 1 of the Swamp
 46839 | Swamp:1  | Reached skill level 5 in Evocations
 48422 | Swamp:2  | Reached XP level 18. HP: 116/142 MP: 30/30
 49206 | Swamp:2  | Identified the +11 eveningstar "Acotiw" {distort, rF- rC-
                  | rCorr Stlth+}
 50395 | Swamp:4  | Entered Level 4 of the Swamp
 50888 | Swamp:4  | Corrupted Swamp:4
 50888 | Swamp:4  | Noticed a bone dragon
 50995 | Swamp:4  | Noticed a tentacled monstrosity
 51014 | Swamp:4  | Killed a tentacled monstrosity
 51614 | Swamp:4  | Got a decaying rune of Zot
 51947 | D:11     | Bought a masterwork ring mail for 306 gold pieces
 51947 | D:11     | Identified the +4 ring mail of Disaster {rPois rN+ Int-2}
                  | (You bought it in a shop on level 11 of the Dungeon)
 52048 | Elf:1    | Entered Level 1 of the Elven Halls
 53301 | Elf:1    | Reached skill level 15 in Dodging
 53515 | Elf:1    | Reached XP level 19. HP: 151/154 MP: 31/31
 53717 | Elf:2    | Found Tathriexil's Weapon Shoppe.
 53726 | Elf:2    | Reached skill level 15 in Fighting
 53873 | Elf:2    | Slain by a deep elf archer

Illustrated notes

Levels and vault maps discovered:
D:1:      giann_wishing_wells, layout_loops_ring, minmay_pentomino_t4
D:2:      layout_loops_ring, uniq_terence
D:3:      layout_loops_ring, minmay_misc_feat_ornament, minmay_joined_circles
D:4:      layout_layer_cave, led_sif_pool,
          minmay_temple_entry_statues_fountains, minmay_bent
D:5:      layout_gridville, amcnicky_altar_gilded, kennysheep_mini,
          uniq_prince_ribbit1
D:6:      minmay_bubble_buster, layout_loops_ring, minmay_misc_feat_chi,
          uniq_eustachio
D:7:      layout_loops_cross, uniq_duvessa, uniq_joseph, uniq_harold
D:8:      layout_cave_pods, grunt_ashenzari_visionary
          [grunt_ashenzari_visionary_swamp, grunt_ashenzari_visionary_snake],
          minmay_lair_entry_grove, ebering_ghost_gozag
D:9:      lemuel_ice_statue, layout_cave_pods, kiku_gazebo_garden_becter,
          nicolae_overflow_hidden_temple, lemuel_zombie_altar_yredelemnul
D:10:     layout_loops_ring, old_standard_altar, grunt_temple_overflow_diamond,
          kennysheep_orc_monster_closet_entryway, minmay_shattered_shrine
D:11:     layout_cross, serial_shops, shop, uniq_maurice, uniq_nergalle,
          uniq_fannar
D:12:     layout_small_grid, nrook_campfire, mikee_hates_you, uniq_erolcha
D:13:     layout_roguey, ximxim_vaults_locker_room,
          nicolae_trove_entry_path_of_doom
D:14:     layout_roguey, minmay_door_square, hangedman_decor_clover_reticule,
          ashenzari_altar_1
D:15:     grunt_enter_depths_snipers, layout_cave_pods,
          gammafunk_ghost_cemetery, elyvilon_altar_5, uniq_roxanne
Lair:1:   layout_loops_ring, ebering_ghost_rock_garden, lemuel_fruit_fields
Lair:2:   hangedman_what_comes_after_a, layout_long_grid,
          minmay_swamp_entry_worms, grunt_megastairs_3
Lair:3:   layout_long_grid, minmay_snake_entry_guardpost_small, special_room
          [special_room_bee], lemuel_fruit_fields
Lair:4:   layout_cave_pods
Lair:5:   layout_hall_layers, pf_torpor_hydra
Lair:6:   due_jungle_book, layout_loops_ring, slime_altar_1,
          gammafunk_ghost_necromancy, basic_altar, uniq_urug
Swamp:1:  layout_falls_marsh, evilmike_swamp_ruin_house_3, swamp_pool4
Swamp:2:  nicolae_swamp_flooded_prison, layout_basic_swamp,
          nicolae_swamp_little_swirl
Swamp:3:  nicolae_swamp_husk_halls, layout_falls_marsh, serial_swamp_ruin,
          evilmike_swamp_ruin_house_2, evilmike_swamp_ruin_wall,
          evilmike_swamp_ruin_rubble_1
Swamp:4:  swamp_vile, layout_basic_swamp
Snake:1:  layout_honeycomb, grunt_megastairs_5
Snake:2:  layout_onion, portal_ice_cave_entry_ice_statue_one, minmay_shoptagon,
          grunt_megastairs_1
Snake:3:  layout_onion, serial_bayou_shore_a
Snake:4:  snake_pit, layout_rooms, uniq_kirke, uniq_vashnia, uniq_nikola
Orc:1:    layout_caves
Orc:2:    grunt_orc_tribal_feast, layout_caves, serial_shops,
          nicolae_shop_behind_doors, ebering_ghost_reflecting_pool,
          nicolae_alphabet_shops, minmay_orc_barracks
Elf:1:    layout_rooms, minivault_28
Elf:2:    layout_geoelf_grid, serial_shops, nicolae_shop_window_shopping, shop,
          nicolae_shop_statue_plus, shop,
          nicolae_shop_competitors_out_of_business

Skill      XL: |  1  2  3  4  5  6  7  8  9 10 11 12 13 14 15 16 17 18 19 |
---------------+----------------------------------------------------------+-----
Polearms       | 4 5 6 13 14 | 14.0
Dodging        | 3 5 6 8 9 12 15 | 15.2
Shields        | 2 4 6 10 12 13 15 | 15.0
Invocations    | 4 7 9 11 12 15 17 | 17.4
Throwing       | 4 6 8 |  8.0
Fighting       | 5 6 7 8 10 12 14 15 | 15.0
Stealth        | 5 8 |  8.0
Ice Magic      | 11 13 | 13.9
Armour         | 3 5 |  5.5
Evocations     | 8 9 |  9.0

Action                   |  1- 3 |  4- 6 |  7- 9 | 10-12 | 13-15 | 16-18 | 19-21 || total
-------------------------+-------+-------+-------+-------+-------+-------+-------++-------
Melee: Spear             |   151 |   295 |   273 |       |       |       |       ||   719
       Trident           |       |       |   308 |  1113 |  2152 |  2762 |    55 ||  6390
Throw: Dart              |       |       |   101 |   117 |    54 |    12 |       ||   284
       Throwing net      |       |       |     1 |     5 |     2 |       |       ||     8
       Boomerang         |       |       |       |     9 |       |       |       ||     9
Invok: Depart the Abyss  |     1 |       |       |       |       |       |       ||     1
       Bend Space        |       |       |     3 |       |       |     1 |       ||     4
       Banish            |       |       |       |    16 |    22 |    34 |       ||    72
       Corrupt           |       |       |       |     1 |     2 |     2 |       ||     5
Evoke: Wand              |       |       |    12 |    15 |    13 |     7 |       ||    47
       Condenser vane    |       |       |       |     1 |     2 |     3 |     1 ||     7
       Lightning rod     |       |       |       |       |     1 |     1 |       ||     2
  Use: Scroll            |     1 |     2 |    11 |    11 |    11 |     9 |       ||    45
       Potion            |       |       |     2 |     9 |     1 |     9 |       ||    21
 Stab: Sleeping          |     1 |     2 |       |       |    10 |     5 |     1 ||    19
       Held in net/web   |       |       |       |     2 |     1 |       |       ||     3
       Paralysed         |       |       |       |     2 |       |       |       ||     2
       Distracted        |       |       |       |       |     1 |     1 |       ||     2
       Petrified         |       |       |       |       |     8 |       |       ||     8
       Confused          |       |       |       |       |       |     2 |       ||     2
Armor: Leather armour    |    27 |    10 |       |       |       |       |       ||    37
       Ring mail         |       |    16 |       |       |       |    20 |     4 ||    40
       Scale mail        |       |    11 |   117 |   168 |   347 |     4 |       ||   647
       Skin              |       |       |       |    97 |       |       |       ||    97
       Chain mail        |       |       |       |       |       |   360 |       ||   360
Dodge: Dodged            |    62 |   119 |   456 |   525 |   978 |   898 |    24 ||  3062
Block: Buckler           |       |    28 |   178 |    50 |       |       |       ||   256
       Kite shield       |       |       |       |   490 |  1098 |  1692 |    29 ||  3309
       Reflection        |       |       |       |       |       |   116 |     6 ||   122

Table legend: (Time is in decaauts)
 A = Elapsed time spent in this place.
 B = Non-inter-level travel time spent in this place.
 C = Inter-level travel time spent in this place.
 D = Time resting spent in this place.
 E = Time spent auto-exploring this place.
 F = Levels seen in this place.
 G = Mean time per level.
                   A        B        C        D        E       F      G
               +--------+--------+--------+--------+--------+-----+--------+
         Total |  50976 |  47298 |   3678 |  15283 |  18782 |  35 | 1456.5 |
       Dungeon |  25292 |  23215 |   2077 |   7958 |   9929 |  15 | 1686.1 |
          Lair |  12582 |  11862 |    720 |   4791 |   3825 |   6 | 2097.0 |
         Swamp |   4152 |   3918 |    234 |    870 |   1430 |   4 | 1038.0 |
     Snake Pit |   4531 |   4217 |    314 |    789 |   2098 |   4 | 1132.8 |
  Orcish Mines |   1865 |   1618 |    247 |    287 |    821 |   2 |  932.5 |
   Elven Halls |   1415 |   1330 |     85 |    253 |    381 |   2 |  707.5 |
         Abyss |    102 |    102 |      0 |      0 |     99 |   1 |  102.0 |
      Ice Cave |   1034 |   1034 |      0 |    333 |    197 |   1 | 1034.0 |
               +--------+--------+--------+--------+--------+-----+--------+

Top non-repeatable levels by time:
     D:8: 3300 daAuts
  Lair:3: 2944 daAuts
     D:5: 2874 daAuts
     D:9: 2780 daAuts
    D:10: 2622 daAuts
  Lair:2: 2608 daAuts
     D:4: 2432 daAuts
  Lair:6: 1902 daAuts
  Lair:1: 1809 daAuts
  Lair:5: 1807 daAuts
     D:6: 1699 daAuts
 Swamp:2: 1624 daAuts
  Lair:4: 1509 daAuts
     D:7: 1504 daAuts
     D:2: 1420 daAuts
